 Dungeon Crawl Stone Soup version 0.12.2-9-gf1dcfd2 (webtiles) character file.

125 Kigal the Gusty (level 2, -4/17 HPs)
             Began as a High Elf Air Elementalist on July 4, 2013.
             Hit by an orcish dagger thrown by Ijyb (5 damage)
             ... on Level 1 of the Dungeon.
             The game lasted 00:07:41 (1983 turns).

Kigal the Gusty (High Elf Air Elementalist)         Turns: 1983, Time: 00:07:41

HP  -4/17        AC  2     Str  7      XL: 2   Next: 86%
MP   1/5         EV 13     Int 18      God:
Gold 100         SH  0     Dex 15      Spells:  2 memorised,  0 levels left

Res.Fire  : . . .   See Invis. : .   g - +0 elf short sword
Res.Cold  : . . .   Warding    : .   a - +0 elf robe
Life Prot.: . . .   Conserve   : .   (no shield)
Res.Poison: .       Res.Corr.  : .   (no helmet)
Res.Elec. : .       Clarity    : .   (no cloak)
Sust.Abil.: . .     Spirit.Shd : .   (no gloves)
Res.Mut.  : .       Stasis     : .   (no boots)
Res.Rott. : .       Ctrl.Telep.: .   (no amulet)
Saprovore : . . .   Flight     : .   (no ring)
                                     (no ring)

@: not resistant to hostile enchantments, fairly stealthy
A: no striking features
a: no special abilities


You were on level 1 of the Dungeon.
You were not hungry.

You visited 1 branch of the dungeon, and saw 2 of its levels.

You collected 80 gold pieces.

Inventory:

Hand weapons
 g - a +0,+0 elven short sword (weapon)
Armour
 a - a +0 elven robe (worn)
Comestibles
 c - a bread ration
Scrolls
 e - 2 scrolls of remove curse {unknown}
 f - a scroll of teleportation {unknown}
 i - a scroll of identify {unknown}
 k - a scroll of noise {unknown}
Potions
 d - 2 potions of paralysis {unknown}
 h - 2 potions of might {unknown}
 j - a potion of degeneration {unknown}
Books
 b - a book of Air

   Spells                             Type                      Level
   *Shock                             Conjuration/Air              1
   *Swiftness                         Charms/Air                   2
   Repel Missiles                     Charms/Air                   2
   Flight                             Charms/Air                   3
   Static Discharge                   Conjuration/Air              3
   Lightning Bolt                     Conjuration/Air              5


   Skills:
 + Level 2.3 Dodging
 + Level 2.7 Stealth
 + Level 0.4 Traps
 + Level 1.4 Spellcasting
 + Level 1.1 Conjurations
 + Level 4.3 Air Magic


You couldn't memorise any spells.
You knew the following spells:

 Your Spells              Type           Power        Failure   Level  Hunger
a - Shock                 Conj/Air       ###..        8%          1    ##.....
b - Swiftness             Chrm/Air       ##........   12%         2    ###....


Dungeon Overview and Level Annotations

Branches:
Dungeon (2/27)

Altars:

Annotations
D:1 Ijyb


Message History

Ijyb is moderately wounded.
Ijyb hits you but does no damage.
You hit Ijyb but do no damage.
Ijyb is moderately wounded.
Ijyb hits you with a club.
* * * LOW HITPOINT WARNING * * *
You hit Ijyb.
Ijyb is moderately wounded.
Ijyb hits you with a club.
* * * LOW HITPOINT WARNING * * *
You climb upwards.
There is a stone staircase leading down here.
Casting: Shock
Confirm with . or Enter, or press ? or * to list all spells.
You don't have enough magic to cast that spell.
Ijyb barely misses you.
You see here an orcish dagger.
Ijyb picks up an orcish dagger.
Ijyb throws an orcish dagger.
The orcish dagger hits you!
You die...

####### #...... ##############
#.##### #............# #.# #.
#.##########.###.# #^
##########.###............# #.
#.................###.##..####.
#.########.###.##.# #.##...##..
#.# ######.###@##.# #..........
#.# #...........#.# ######.##..
#.# #.####.###..#.# #.###.
##.###.## #.# #..#.# #.###.
##...#...###.# #g.#.# #.....
.#.#......##.###>.#.## #.####
.....................# #.#
##.##.....#..###..#..#######.####
#.###...##.## #..#..............


You could see Ijyb.

Vanquished Creatures
  A giant mite (D:1)
  3 hobgoblins (D:1)
  4 bats (D:1)
  4 goblins (D:1)
  3 kobolds
  3 rats (D:1)
18 creatures vanquished.

Vanquished Creatures (others)
  A hobgoblin (D:1)
  A goblin (D:1)
2 creatures vanquished.

Grand Total: 20 creatures vanquished

Notes
Turn   | Place    | Note
--------------------------------------------------------------
     0 | D:1      | Kigal, the High Elf Air Elementalist, began the quest for the Orb.
     0 | D:1      | Reached XP level 1. HP: 11/11 MP: 4/4
     5 | D:1      | Noticed a hound
     5 | D:1      | Noticed a komodo dragon
     5 | D:1      | Noticed a black mamba
    10 | D:1      | Noticed a swamp worm
    10 | D:1      | Noticed a polar bear
  1062 | D:2      | Reached skill level 4 in Air Magic
  1069 | D:2      | Noticed Ijyb
  1085 | D:1      | Reached XP level 2. HP: 3/17 MP: 1/5
  1364 | D:1      | Learned a level 2 spell: Swiftness
  1983 | D:1      | Hit by an orcish dagger thrown by Ijyb

Action                   || total
-------------------------++-------
Melee: Short sword       ||    33
       Unarmed           ||     1
 Cast: Shock             ||    41
       Swiftness         ||     1
